 Dungeon Crawl Stone Soup version 0.29.1-12-g30fa7ad0bf (webtiles) character file.

Game seed: 9279494603685532129

16173 wormed the Carver (level 11, -8/94 HPs)
             Began as a Demigod Gladiator on Dec 28, 2022.
             Mangled by a blink frog (12 damage)
             ... on level 2 of the Lair of Beasts.
             The game lasted 00:32:58 (18340 turns).

wormed the Carver (Demigod Gladiator)              Turns: 18340, Time: 00:32:59

Health: -8/94      AC: 18    Str: 15    XL:     11   Next: 77%
Magic:  13/14      EV: 15    Int: 10    God:
Gold:   633        SH:  7    Dex: 27    Spells: 6/10 levels left

rFire   . . .      SeeInvis .   J - +2 falchion (vorpal)
rCold   . . .      Faith    .   k - +0 buckler
rNeg    . . .      Spirit   .   V - +0 troll leather armour
rPois   .          Reflect  .   c - +0 helmet
rElec   .          Harm     .   (no cloak)
rCorr   .          Rampage  .   b - +1 pair of gloves {infuse}
Will    +....                   f - +1 pair of boots
Stlth   +.........              A - amulet of magic regeneration
HPRegen 1.05/turn               o - +4 ring of protection
MPRegen 0.54/turn               N - +4 ring of protection

@: hasted, slow
A: high MP 1, forlorn, divine attributes
a: no special abilities


You were on level 2 of the Lair of Beasts.
You visited 2 branches of the dungeon, and saw 13 of its levels.

You collected 813 gold pieces.
You spent 180 gold pieces at shops.

Inventory:

Hand Weapons
 J - a +2 vorpal falchion (weapon)
 W - a +2 dagger of venom
Missiles
 d - 3 throwing nets
 e - 4 javelins
 i - a curare-tipped dart
 E - 3 poisoned darts (quivered)
Armour
 b - a +1 pair of gloves of infusion (worn)
 c - a +0 helmet (worn)
 f - a +1 pair of boots (worn)
 k - a +0 buckler (worn)
 B - the +0 robe of the Endless Expanse {rPois rCorr}
   (You found it on level 3 of the Dungeon)

   rPois:     It protects you from poison.
   rCorr:     It protects you from acid and corrosion.
 V - a +0 troll leather armour (worn)
Jewellery
 o - a +4 ring of protection (left hand)
 r - a ring of poison resistance
 y - a +6 ring of strength
 z - a ring of see invisible
 A - an amulet of magic regeneration (around neck)
 G - a +6 ring of intelligence
 N - a +4 ring of protection (right hand)
 X - a ring of ice
Wands
 w - a wand of acid (8)
 K - a wand of flame (19)
 M - a wand of digging (8)
 P - a wand of roots (9)
 R - a wand of paralysis (2)
Scrolls
 m - a scroll of vulnerability {unknown}
 n - 4 scrolls of noise {unknown}
 p - a scroll of enchant armour {unknown}
 v - 6 scrolls of teleportation {unknown}
 C - a scroll of torment {unknown}
 D - 2 scrolls of butterflies {unknown}
 F - 2 scrolls of fear {unknown}
 H - 2 scrolls of blinking {unknown}
 L - a scroll of enchant weapon {unknown}
 Q - a scroll of silence {unknown}
 S - 3 scrolls of magic mapping {unknown}
 Y - 4 scrolls of amnesia {unknown}
Potions
 a - 2 potions of resistance
 g - 6 potions of curing
 h - 2 potions of berserk rage
 j - 5 potions of brilliance
 l - 3 potions of flight
 q - 7 potions of lignification
 s - a potion of haste
 t - 6 potions of mutation {unknown}
 u - a potion of magic {unknown}
 x - a potion of ambrosia {unknown}
 I - a potion of might {unknown}
 O - 3 potions of invisibility {unknown}
 T - 3 potions of attraction {unknown}
Miscellaneous
 Z - a lightning rod (4/4)


   Skills:
 - Level 8.0 Fighting
 - Level 14.0 Long Blades
 - Level 2.2 Throwing
 - Level 5.0 Armour
 - Level 5.0 Dodging
 - Level 5.0 Shields
 + Level 3.0 Evocations


You had 6 spell levels left.
You knew the following spells:

 Your Spells              Type           Power      Damage    Failure   Level
a - Wereblood             Tmut           0%         N/A       65%         2
b - Blink                 Tloc           0%         N/A       65%         2

Your spell library contained the following spells:

 Spells                   Type           Power      Damage    Failure   Level
 Beastly Appendage        Tmut           0%         N/A       52%         1
 Magic Dart               Conj           0%         1d3       52%         1
 Sting                    Tmut/Pois      0%         1d3       52%         1
 Ensorcelled Hibernation  Hex/Ice        0%         N/A       65%         2
 Passwall                 Tmut/Erth      0%         N/A       65%         2
 Scorch                   Fire           0%         2d5       65%         2
 Searing Ray              Conj           0%         2d4       65%         2
 Conjure Flame            Conj/Fire      0%         6-21      87%         3
 Gell's Gravitas          Tloc           0%         N/A       87%         3
 Ignite Poison            Fire/Tmut/Pois 0%         N/A       87%         3
 Lesser Beckoning         Tloc           0%         N/A       87%         3
 Portal Projectile        Hex/Tloc       0%         N/A       87%         3
 Spider Form              Tmut/Pois      0%         N/A       87%         3
 Swiftness                Air            0%         N/A       87%         3
 Tukima's Dance           Hex            0%         N/A       87%         3
 Flame Wave               Conj/Fire      0%         2d4       99%         4
 Fulminant Prism          Conj/Hex       0%         3d6       99%         4
 Ice Form                 Ice/Tmut       0%         N/A       99%         4
 Sticky Flame             Conj/Fire      0%         2d3       99%         4
 Blade Hands              Tmut           0%         N/A       100%        5
 Irradiate                Conj/Tmut      0%         3d11      100%        5
 Manifold Assault         Tloc           0%         N/A       100%        5
 Summon Forest            Summ/Tloc      0%         N/A       100%        5
 Summon Mana Viper        Hex/Summ       0%         N/A       100%        5
 Summon Cactus Giant      Summ           0%         N/A       100%        6
 Dragon Form              Tmut           0%         N/A       100%        7
 Storm Form               Tmut/Air       0%         N/A       100%        7


Dungeon Overview and Level Annotations

Branches:
Dungeon (11/15)            Temple (0/1) D:7            Lair (2/5) D:11
  Swamp: Lair:2-3    Shoals: Lair:2-3     Snake: Lair:2-3    Spider: Lair:2-3
    Orc: D:9-12

Shops:
D:3 *   D:4 [   D:5 [   D:8 =

Annotations:
D:7 2 transporters, gdog's ghost, novice DsCj
D:10 Sonja
D:11 1 runed translucent door, venomsnake's ghost, journeyman MiBe


Innate Abilities, Weirdness & Mutations

You have an increased reservoir of magic. (+10% MP)
You shall have no god before yourself.
Your divine heritage dramatically boosts your attributes as you level up.


Message History

A yak comes into view.
The cane toad stings you but does no damage.
Your +2 dagger of venom stops dripping with poison.
J - a +2 vorpal falchion (weapon)
Your unstable footing causes you to fumble your attack.
The blink frog barely misses you. The cane toad completely misses you.
You closely miss the blink frog.
The blink frog hits you but does no damage.
You slash the blink frog!
The blink frog is moderately wounded.
The cane toad stings you!
Your unstable footing causes you to fumble your attack.
The blink frog hits you but does no damage.
A yak comes into view.
Your unstable footing causes you to fumble your attack.
You block the cane toad's attack. The blink frog barely misses you.
Your unstable footing causes you to fumble your attack.
You block the blink frog's attack.
You lop one of the eight-headed hydra's heads off!
The seven-headed hydra grows two more!
You slash the nine-headed hydra!
The nine-headed hydra is almost dead.
You block the nine-headed hydra's attack.
The nine-headed hydra bites you but does no damage.
The nine-headed hydra bites you!
* * * LOW HITPOINT WARNING * * *
The nine-headed hydra bites you but does no damage.
You block the nine-headed hydra's attack.
The nine-headed hydra bites you!
* * * LOW HITPOINT WARNING * * *
The nine-headed hydra bites you but does no damage.
You block the nine-headed hydra's attack.
The nine-headed hydra bites you but does no damage.
The blink frog blinks!
Your unstable footing causes you to fumble your attack.
The cane toad stings you!
* * * LOW HITPOINT WARNING * * *
You block the blink frog's attack.
A yak comes into view.
The blink frog blinks!
The blink frog hits you!
You die...

# ### .P## ...# ...####
##### ♣ ....#P###.FP##
~♣
..(..........♣♣♣♣♣♣~♣♣♣
............$~PDFF~~~~♣♣
...............§@FSY.Y~Y
...........>.♣♣♣♣♣Y~~.♣~
...†<........♣ ~~♣♣
.....##.###### ~♣
...###### ♣ .....#
...### PP♣# ~♣#


You could see a nine-headed hydra (poisoned), 4 yaks, a cane toad, 3 blink frogs
and an electric eel.

Vanquished Creatures
  A hydra (D:11)
  A two-headed ogre (D:11)
  An ugly thing (D:11)
  4 cyclopes
  A black mamba (Lair:2)
  Joseph (D:8)
  2 cane toads (Lair:1)
  A komodo dragon (D:11)
  An unseen horror (D:9)
  A troll (D:11)
  3 hornets
  3 blink frogs (Lair:1)
  A wyvern (Lair:1)
  30 yaks
  2 basilisks (Lair:1)
  4 vampire mosquitoes
  2 water moccasins
  An acid dragon (D:10)
  An ice beast (D:7)
  3 black bears
  3 orc warriors
  A sky beast (D:8)
  3 ogres
  9 wolves (Lair:1)
  3 centaurs
  3 phantoms
  A kobold brigand (D:11)
  10 bullfrogs
  A gnoll sergeant (D:9)
  A scorpion (D:11)
  5 wights (D:9)
  9 killer bees
  A howler monkey (D:11)
  3 hounds
  3 orc priests
  2 gnoll boudas (D:7)
  9 iguanas
  5 orc wizards
  11 gnolls
  5 adders
  A shadow imp (D:8)
  2 white imps
  An ufetubus (D:5)
  3 worms
  5 dart slugs
  15 orcs
  7 bats
  8 endoplasms
  3 giant cockroaches
  6 goblins
  9 hobgoblins
  2 jackals (D:1)
  9 ball pythons
  4 frilled lizards
  13 kobolds
  10 rats
250 creatures vanquished.

Vanquished Creatures (others)
  44 fungi
  78 plants
122 creatures vanquished.

Grand Total: 372 creatures vanquished

Notes
Turn   | Place    | Note
-------+----------+-------------------------------------------
     0 | D:1      | wormed the Demigod Gladiator began the quest for the Orb.
     0 | D:1      | Reached XP level 1. HP: 17/17 MP: 3/3
   235 | D:1      | Reached XP level 2. HP: 5/24 MP: 4/4
   774 | D:1      | Reached skill level 3 in Long Blades
   959 | D:1      | Reached XP level 3. HP: 28/30 MP: 5/5
  1860 | D:2      | Learned a level 2 spell: Wereblood
  2186 | D:3      | Identified the +0 robe of the Endless Expanse {rPois rCorr}
  2259 | D:3      | Reached XP level 4. HP: 37/37 MP: 6/6
  2465 | D:3      | Found Edolop's Assorted Antiques.
  3557 | D:4      | Noticed a phantom
  3609 | D:4      | Killed a phantom
  3610 | D:4      | Reached skill level 4 in Long Blades
  3610 | D:4      | Reached XP level 5. HP: 29/46 MP: 7/7
  3812 | D:4      | Found Pohyo's Antique Armour Boutique.
  4297 | D:5      | Entered Level 5 of the Dungeon
  4299 | D:5      | Found Tehal's Antique Armour Boutique.
  4620 | D:5      | Reached XP level 6. HP: 46/52 MP: 8/8
  4783 | D:5      | Reached skill level 5 in Long Blades
  5067 | D:5      | Noticed a water moccasin
  5077 | D:5      | Killed a water moccasin
  5078 | D:5      | Reached skill level 5 in Fighting
  5453 | D:5      | Bought a pair of glowing gloves for 180 gold pieces
  5522 | D:6      | Reached XP level 7. HP: 59/61 MP: 6/9
  5543 | D:6      | Reached skill level 6 in Long Blades
  6409 | D:6      | Reached XP level 8. HP: 68/71 MP: 7/10
  6641 | D:7      | Learned a level 2 spell: Blink
  6716 | D:7      | Reached skill level 7 in Long Blades
  6834 | D:7      | Found a transporter.
  6848 | D:7      | Noticed gdog's ghost (novice DsCj)
  6902 | D:7      | Found a staircase to the Ecumenical Temple.
  7012 | D:7      | Found a transporter.
  7051 | D:7      | Reached skill level 8 in Long Blades
  7344 | D:7      | Identified the amulet "Feddysie" {RegenMP Fly rPois Str+7
                  | Dex-5}
  7552 | D:8      | Found Niylugip's Jewellery Emporium.
  7685 | D:8      | Noticed Joseph
  8457 | D:8      | Noticed a cyclops
  8501 | D:8      | Killed a cyclops
  8502 | D:8      | Reached skill level 9 in Long Blades
  8502 | D:8      | Reached XP level 9. HP: 41/81 MP: 8/11
  9298 | D:9      | Reached skill level 10 in Long Blades
  9642 | D:9      | Reached skill level 11 in Long Blades
 10188 | D:9      | Reached XP level 10. HP: 25/88 MP: 1/13
 10545 | D:9      | Reached skill level 12 in Long Blades
 11892 | D:8      | Killed Joseph
 11945 | D:10     | Entered Level 10 of the Dungeon
 12587 | D:10     | Reached skill level 13 in Long Blades
 12675 | D:10     | Noticed a cyclops
 13867 | D:10     | Killed a cyclops
 13964 | D:10     | Noticed Sonja
 14121 | D:10     | Got the Monograph on Altered Orientation
 14429 | D:11     | Noticed a purple ugly thing
 14457 | D:11     | Noticed an eight-headed hydra
 14673 | D:11     | Found a runed translucent door.
 14674 | D:11     | Identified the +9 trident "Murmur" {flame, rElec rN+ Int+4}
 14843 | D:11     | Noticed a cyclops
 14858 | D:11     | Killed a cyclops
 15106 | D:11     | Noticed a cyclops
 15115 | D:11     | Killed a cyclops
 15207 | D:10     | HP: 1/88 [asphyx]
 15619 | D:11     | Found a staircase to the Lair.
 15648 | D:11     | Reached skill level 14 in Long Blades
 15780 | D:11     | Noticed a two-headed ogre
 15788 | D:11     | Killed a two-headed ogre
 15789 | D:11     | Reached skill level 1 in Armour
 15789 | D:11     | Reached skill level 1 in Shields
 15789 | D:11     | Reached XP level 11. HP: 60/94 MP: 10/14
 16438 | D:11     | Noticed venomsnake's ghost (journeyman MiBe)
 16993 | D:11     | Killed an eight-headed hydra
 17146 | Lair:1   | Entered Level 1 of the Lair of Beasts
 17263 | Lair:1   | Reached skill level 5 in Dodging
 17791 | Lair:1   | Reached skill level 5 in Shields
 17800 | Lair:1   | Reached skill level 5 in Armour
 17891 | Lair:1   | Reached skill level 1 in Evocations
 18174 | Lair:2   | Noticed an eight-headed hydra
 18340 | Lair:2   | HP: 4/94 [cane toad (8)]
 18340 | Lair:2   | Mangled by a blink frog

Illustrated notes

Levels and vault maps discovered:
D:1:      matt_arrival_grand_opening, layout_basic
D:2:      layout_rooms, patterned_corridor
D:3:      layout_loops_ring, serial_shops, nicolae_shop_stone
D:4:      layout_layer_cave, serial_shops, nicolae_shop_behind_doors,
          minmay_crystal_water, chequers_garden, nicolae_elevator_lobby_asterisk
D:5:      layout_gridville, mainiacjoe_overflow_chevrons, serial_shops, shop,
          minmay_puff
D:6:      cheibrodos_iron_armory, layout_basic
D:7:      layout_rooms, minmay_temple_entry_junction, nzn_ghost_randoct,
          serial_rivers, chequers_serial_rivers_micro_d,
          chequers_serial_rivers_room_b, chequers_serial_rivers_small_3,
          chequers_serial_rivers_small_a
D:8:      layout_loops_ring, serial_shops, shop, uniq_joseph
D:9:      layout_long_grid
D:10:     layout_rooms, minmay_sticks_and_stones, uniq_sonja
D:11:     layout_grid_maze, due_lair_maze_entry_diamond,
          ebering_ghost_funeral_grove
Lair:1:   layout_roguey, nicolae_lair_grazing_beasts
          [nicolae_sub_lair_graze_edge, nicolae_sub_lair_graze_edge,
          nicolae_sub_lair_graze_edge, nicolae_sub_lair_graze_edge],
          lemuel_fruit_tree
Lair:2:   layout_hall_layers, nicolae_spider_entry_non_spiders, serial_bayou,
          serial_bayou_shore_b, serial_bayou_ford_a, serial_bayou_shore_b,
          serial_bayou_pond_b, serial_bayou_pond_c, serial_bayou_crossing

Skill      XL: |  1  2  3  4  5  6  7  8  9 10 11 |
---------------+----------------------------------+-----
Fighting       | 2 3 4 5 6 8 |  8.0
Throwing       | 2 |  2.2
Dodging        | 3 5 |  5.0
Long Blades    | 3 4 5 6 9 11 14 | 14.0
Armour         | 1 5 |  5.0
Shields        | 1 5 |  5.0
Evocations     | 3 |  3.0

Action                   |  1- 3 |  4- 6 |  7- 9 | 10-12 || total
-------------------------+-------+-------+-------+-------++-------
Melee: Long sword        |   170 |    24 |       |       ||   194
       Dagger            |       |   143 |       |    18 ||   161
       Falchion          |       |    19 |   301 |   401 ||   721
Throw: Throwing net      |       |       |     1 |     2 ||     3
       Dart              |       |       |    18 |    49 ||    67
 Cast: Blink             |       |       |       |     1 ||     1
  Use: Scroll            |       |       |     9 |       ||     9
       Potion            |       |       |       |     7 ||     7
 Stab: Sleeping          |     2 |     1 |     3 |       ||     6
       Distracted        |       |       |     1 |     1 ||     2
Armor: Leather armour    |    71 |    47 |       |       ||   118
       Robe              |       |     6 |   105 |    95 ||   206
       Troll leather arm |       |       |       |    92 ||    92
Dodge: Dodged            |   109 |    97 |   167 |   293 ||   666
Block: Buckler           |    32 |    25 |    63 |   150 ||   270
